Kings vs Predators

Created - 5 janvier 2021 at 21:56

Goals
1 2 3 T
Kings 2 0 0 2
Predators 0 1 0 1
Shots
1 2 3 T
Kings 16 13 5 34
Predators 13 6 6 25

1st period

1. Kings , Jesper Fast 12 (Andre Burakovsky 17, John Moore 12) at 0:45
2. Kings , Justin Williams 4 (Stephen Johns 5) at 5:00

Penalties :
Anthony Bitetto (LOS) for Delaying the game (Minor) at 0:55, Justin Williams (LOS) for Roughing (Minor) at 18:42

2nd period

3. Predators , Nikita Zadorov 1 (Darren Helm 4, Victor Olofsson 1) at 18:08

Penalties :
J.T. Compher (NSH) for Roughing (Minor) at 15:39

3rd period

No Goal

Penalties :
Anthony Bitetto (LOS) for Hooking (Minor) at 7:04

Goalie Stats

David Rittich (LOS), 24 saves from 25 shots - (0,960), W, 15-9-4, 60:00 minutes
Thomas Greiss (NSH), 32 saves from 34 shots - (0,941), L, 7-5-2, 59:26 minutes

Players Stats for Kings

Player Name              G  A  P  +/- PIM S  H  SB GA TA FO     MP     PP MP  PK MP  
------------------------------------------------------------------------------------
Andre Burakovsky         0  1  1   1  0   2  0  0  0  0  0/0    17:45   0:58   0:41 
Anthony Bitetto          0  0  0   1  4   2  0  0  0  0  0/0    17:36   0:00   0:00 
Conor Sheary             0  0  0  -1  0   0  0  0  0  0  0/1     5:46   0:00   0:00 
Corey Perry              0  0  0  -1  0   0  1  0  0  0  0/0     4:29   0:00   0:00 
Jack Johnson             0  0  0   0  0   1  0  2  0  0  0/0    21:42   1:01   3:34 
Jesper Fast              1  0  1   1  0   1  3  1  0  0  0/1    16:36   0:58   0:00 
John Moore               0  1  1   1  0   1  1  1  0  0  0/0    20:10   0:58   2:23 
Jonathan Toews           0  0  0  -1  0   4  1  0  0  0  13/24  23:27   1:01   3:26 
Jordan Eberle            0  0  0   0  0   2  1  0  0  0  1/1    20:02   1:01   1:50 
Justin Williams          1  0  1   1  2   3  0  0  0  0  1/1    15:46   0:00   0:00 
Lucas Wallmark           0  0  0  -1  0   0  0  0  0  0  2/5     4:49   0:00   0:20 
Marc-Edouard Vlasic      0  0  0   0  0   0  1  0  0  0  0/0    21:42   1:01   3:34 
Marco Scandella          0  0  0   1  0   1  1  3  0  0  0/0    20:10   0:58   2:23 
Mikael Backlund          0  0  0   1  0   5  1  0  0  0  16/20  19:33   0:58   2:57 
Nick Paul                0  0  0   1  0   4  1  0  0  0  14/20  16:45   0:00   1:20 
Rickard Rakell           0  0  0   0  0   4  1  0  0  0  0/1    13:44   1:01   1:20 
Stephen Johns            0  1  1   0  0   1  2  2  0  0  0/0    18:08   0:00   0:00 
Zemgus Girgensons        0  0  0   1  0   3  0  0  0  0  0/2    15:50   0:00   0:00 

Players Stats for Predators

Player Name              G  A  P  +/- PIM S  H  SB GA TA FO     MP     PP MP  PK MP  
------------------------------------------------------------------------------------
Alexander Kerfoot        0  0  0   0  0   1  1  0  0  0  1/6     5:07   0:01   0:19 
Brendan Smith            0  0  0   0  0   0  0  0  0  0  1/1     9:13   3:34   0:25 
Colton Sissons           0  0  0   0  0   2  2  0  0  0  11/23  19:46   3:00   0:00 
Darren Helm              0  1  1   0  0   2  2  0  0  0  0/1    16:57   0:34   0:00 
Evgeny Kuznetsov         0  0  0  -1  0   2  3  0  0  0  9/21   21:38   2:22   0:26 
J.T. Compher             0  0  0  -1  2   2  3  0  0  0  0/0    17:14   2:23   0:00 
Kyle Connor              0  0  0  -1  0   3  0  0  0  0  1/3    18:29   2:23   1:14 
Mathieu Perreault        0  0  0   0  0   0  2  0  0  0  6/20   18:01   0:00   1:08 
Matt Grzelcyk            0  0  0   0  0   1  0  0  0  0  0/0     4:59   0:00   0:00 
Max Pacioretty           0  0  0   0  0   3  0  0  0  0  0/1    23:35   3:34   0:26 
Nikita Zadorov           1  0  1   0  0   1  1  0  0  0  0/0    11:39   0:00   0:00 
Oliver Ekman-Larsson     0  0  0   0  0   1  3  1  0  0  0/0    24:53   4:09   1:12 
Oscar Klefbom            0  0  0  -1  0   2  2  3  0  0  0/0    18:29   1:48   0:47 
Roman Josi               0  0  0   0  0   3  0  1  0  0  0/0    24:53   4:09   1:12 
Shea Theodore            0  0  0   0  0   1  0  0  0  0  0/0    11:39   0:00   0:00 
Thomas Chabot            0  0  0  -1  0   0  1  0  0  0  0/0    18:29   1:48   0:47 
Tyler Pitlick            0  0  0   0  0   1  2  2  0  0  0/0    16:53   0:00   0:00 
Victor Olofsson          0  1  1   0  0   0  0  0  0  0  0/0    16:06   0:00   0:00 

3 Stars

1 - Jesper Fast (LOS)
2 - David Rittich (LOS)
3 - Thomas Greiss (NSH)

Power Play

Kings - 0 on 1 Attempt(s) - 0,00%
Predators - 0 on 3 Attempt(s) - 0,00%

Penalty Kill

Kings - 3 on 3 Attempt(s) - 100,00% - Score 0 goal in Penalty Kill
Predators - 1 on 1 Attempt(s) - 100,00% - Score 0 goal in Penalty Kill

Team Stat

Kings - Hits : 14 - Faceoff Wins : 47 - Blocked Shots : 9 - Penalty Minutes : 6
Predators - Hits : 22 - Faceoff Wins : 29 - Blocked Shots : 7 - Penalty Minutes : 2

Official

Referees : Garrett Rank and Shaun Davis
Linesman : Steven Berry and Tony Sericolo

Game Notes

Rickard Rakell is injured at 1:48 of 3rd period (Sports Hernia)

Finance

Level 1 -- Attendance: 4799 (73,83%) -- Ticket Income 719 850 $
Level 2 -- Attendance: 3325 (66,50%) -- Ticket Income 415 625 $
Level 3 -- Attendance: 2031 (58,03%) -- Ticket Income 203 100 $
Level 4 -- Attendance: 1113 (100,00%) -- Ticket Income 83 475 $
Luxury Box -- Attendance: 643 (64,30%) -- Ticket Income 192 900 $
Game was played at the Bridgestone Arena.
Total Attendance: 11911 (69,60%)
Total Ticket Income: 1 614 950 $
Other Income: 791 326 $
Total Income: 2 406 276 $

% Time on Ice - Kings

Lines # - Real PCT - Wanted PCT - Time Play
Normal Forward
1 - 31% - 40% - 16:12
2 - 30% - 30% - 15:38
3 - 30% - 20% - 15:20
4 - 9% - 10% - 4:29
Normal Defense
1 - 33% - 40% - 16:57
2 - 33% - 30% - 16:49
3 - 34% - 20% - 17:38
4 - 0% - 10% - 0:15
PP Forward
1 - 51% - 60% - 1:01
2 - 49% - 40% - 0:58
PP Defense
1 - 51% - 60% - 1:01
2 - 49% - 40% - 0:58
PK Forward
1 - 69% - 60% - 4:07
2 - 31% - 40% - 1:50
PK Defense
1 - 60% - 60% - 3:34
2 - 40% - 40% - 2:23
PK3 Forward
1 - 0% - 60%
2 - 0% - 40%
PK3 Defense
1 - 0% - 60%
2 - 0% - 40%
44 Forward
1 - 0% - 60%
2 - 0% - 40%
44 Defense
1 - 0% - 60%
2 - 0% - 40%
Last Minute Offensive  - 0:00
Last Minute Defensive  - 0:25
Total
Forward - 60:00
Defense - 60:00

% Time on Ice - Predators

Lines # - Real PCT - Wanted PCT - Time Play
Normal Forward
1 - 32% - 40% - 16:20
2 - 29% - 30% - 14:52
3 - 31% - 20% - 16:06
4 - 8% - 10% - 4:13
Normal Defense
1 - 38% - 40% - 19:32
2 - 31% - 30% - 15:54
3 - 22% - 20% - 11:06
4 - 10% - 10% - 4:59
PP Forward
1 - 60% - 60% - 3:34
2 - 40% - 40% - 2:23
PP Defense
1 - 70% - 60% - 4:09
2 - 30% - 40% - 1:48
PK Forward
1 - 78% - 60% - 1:33
2 - 22% - 40% - 0:26
PK Defense
1 - 61% - 60% - 1:12
2 - 39% - 40% - 0:47
PK3 Forward
1 - 0% - 60%
2 - 0% - 40%
PK3 Defense
1 - 0% - 60%
2 - 0% - 40%
44 Forward
1 - 0% - 60%
2 - 0% - 40%
44 Defense
1 - 0% - 60%
2 - 0% - 40%
Last Minute Offensive  - 0:33
Last Minute Defensive  - 0:00
Total
Forward - 60:00
Defense - 60:00

Play-by-Play

1st period


0:01 of 1st period - Jonathan Toews wins face-off versus Mathieu Perreault in neutral zone.
0:27 of 1st period - Shot by Rickard Rakell.
0:27 of 1st period - Stopped by Thomas Greiss with a rebound.
0:29 of 1st period - Shot by Marc-Edouard Vlasic.
0:29 of 1st period - Deflect By Rickard Rakell.
0:29 of 1st period - Stopped by Thomas Greiss without a rebound.
0:30 of 1st period - Mikael Backlund wins face-off versus Evgeny Kuznetsov in Predators zone.
0:31 of 1st period - Shot by John Moore.
0:31 of 1st period - Stopped by Thomas Greiss with a rebound.
0:33 of 1st period - Shot by Marco Scandella.
0:33 of 1st period - Shot Misses the Net.
0:35 of 1st period - Shot by Marco Scandella.
0:35 of 1st period - Shot Blocked by Oscar Klefbom.
0:37 of 1st period - Shot by Mikael Backlund.
0:37 of 1st period - Stopped by Thomas Greiss with a rebound.
0:39 of 1st period - Shot by John Moore.
0:39 of 1st period - Shot Misses the Net.
0:43 of 1st period - Shot by Jesper Fast.
0:43 of 1st period - Shot Misses the Net.
0:45 of 1st period - Shot by Jesper Fast.
0:45 of 1st period - Goal by Jesper Fast - Kings : 1 - Predators : 0.
0:46 of 1st period - Colton Sissons wins face-off versus Nick Paul in neutral zone.
0:55 of 1st period - Minor Penalty to Anthony Bitetto for Delaying the game.
0:56 of 1st period - Jonathan Toews wins face-off versus Colton Sissons in Kings zone.
1:13 of 1st period - Shot by Roman Josi.
1:13 of 1st period - Stopped by David Rittich without a rebound.
1:14 of 1st period - Evgeny Kuznetsov wins face-off versus Rickard Rakell in Kings zone.
1:27 of 1st period - Shot by Oscar Klefbom.
1:27 of 1st period - Shot Misses the Net.
1:29 of 1st period - Shot by Oscar Klefbom.
1:29 of 1st period - Shot Misses the Net.
1:55 of 1st period - Shot by Evgeny Kuznetsov.
1:55 of 1st period - Shot Misses the Net.
2:26 of 1st period - Oliver Ekman-Larsson is hit by Marco Scandella and loses puck.
2:31 of 1st period - Shot by Max Pacioretty.
2:31 of 1st period - Stopped by David Rittich without a rebound.
2:32 of 1st period - Colton Sissons wins face-off versus Jonathan Toews in Kings zone.
2:33 of 1st period - Shot by Roman Josi.
2:33 of 1st period - Stopped by David Rittich with a rebound.
3:11 of 1st period - Shot by Nick Paul.
3:11 of 1st period - Stopped by Thomas Greiss without a rebound.
3:12 of 1st period - Evgeny Kuznetsov wins face-off versus Mikael Backlund in Predators zone.
3:12 of 1st period - Evgeny Kuznetsov is hit by Jesper Fast.
3:26 of 1st period - Mikael Backlund is hit by Evgeny Kuznetsov and loses puck.
3:39 of 1st period - Shot by Mikael Backlund.
3:39 of 1st period - Shot Misses the Net.
3:52 of 1st period - Andre Burakovsky is hit by Thomas Chabot and loses puck.
4:24 of 1st period - Icing by Roman Josi.
4:25 of 1st period - Mathieu Perreault wins face-off versus Nick Paul in Predators zone.
5:00 of 1st period - Shot by Justin Williams.
5:00 of 1st period - Goal by Justin Williams - Kings : 2 - Predators : 0.
5:01 of 1st period - Colton Sissons wins face-off versus Jonathan Toews in neutral zone.
5:18 of 1st period - Icing by Marc-Edouard Vlasic.
5:19 of 1st period - Evgeny Kuznetsov wins face-off versus Jonathan Toews in Kings zone.
5:38 of 1st period - Shot by J.T. Compher.
5:38 of 1st period - Shot Misses the Net.
6:39 of 1st period - Off-side.
6:40 of 1st period - Mathieu Perreault wins face-off versus Nick Paul in neutral zone.
6:44 of 1st period - Oscar Klefbom is hit by Stephen Johns.
6:48 of 1st period - Shot by Max Pacioretty.
6:48 of 1st period - Deflect By Mathieu Perreault.
6:48 of 1st period - Shot Blocked by Stephen Johns.
7:05 of 1st period - Icing by Oscar Klefbom.
7:06 of 1st period - Mikael Backlund wins face-off versus Max Pacioretty in Predators zone.
7:06 of 1st period - Andre Burakovsky is hit by Oscar Klefbom and loses puck.
7:09 of 1st period - Shot by Jesper Fast.
7:09 of 1st period - Shot Misses the Net.
7:13 of 1st period - Shot by Mikael Backlund.
7:13 of 1st period - Stopped by Thomas Greiss without a rebound.
7:14 of 1st period - Evgeny Kuznetsov wins face-off versus Mikael Backlund in Predators zone.
7:14 of 1st period - Evgeny Kuznetsov is hit by Mikael Backlund.
7:32 of 1st period - Shot by Evgeny Kuznetsov.
7:32 of 1st period - Shot Misses the Net.
7:56 of 1st period - Shot by Kyle Connor.
7:56 of 1st period - Stopped by David Rittich without a rebound.
7:57 of 1st period - Jonathan Toews wins face-off versus Mathieu Perreault in Kings zone.
8:14 of 1st period - Shot by Oscar Klefbom.
8:14 of 1st period - Stopped by David Rittich with a rebound.
8:24 of 1st period - Shot by Rickard Rakell.
8:24 of 1st period - Shot Misses the Net.
8:26 of 1st period - Shot by Marc-Edouard Vlasic.
8:26 of 1st period - Shot Blocked by Oscar Klefbom.
8:28 of 1st period - Shot by Jonathan Toews.
8:28 of 1st period - Stopped by Thomas Greiss with a rebound.
8:30 of 1st period - Shot by Marc-Edouard Vlasic.
8:30 of 1st period - Shot Misses the Net.
8:32 of 1st period - Shot by Jonathan Toews.
8:32 of 1st period - Deflect By Jordan Eberle.
8:32 of 1st period - Stopped by Thomas Greiss without a rebound.
8:33 of 1st period - Nick Paul wins face-off versus Colton Sissons in Predators zone.
8:38 of 1st period - Shot by Zemgus Girgensons.
8:38 of 1st period - Stopped by Thomas Greiss without a rebound.
8:39 of 1st period - Nick Paul wins face-off versus Colton Sissons in Predators zone.
8:39 of 1st period - Zemgus Girgensons is hit by Oliver Ekman-Larsson and loses puck.
9:11 of 1st period - Icing by Stephen Johns.
9:12 of 1st period - Nick Paul wins face-off versus Alexander Kerfoot in Kings zone.
9:27 of 1st period - Justin Williams is hit by Alexander Kerfoot.
9:45 of 1st period - Shot by Evgeny Kuznetsov.
9:45 of 1st period - Stopped by David Rittich with a rebound.
9:47 of 1st period - Shot by Shea Theodore.
9:47 of 1st period - Stopped by David Rittich without a rebound.
9:48 of 1st period - Colton Sissons wins face-off versus Jonathan Toews in Kings zone.
9:57 of 1st period - Shot by Darren Helm.
9:57 of 1st period - Shot Misses the Net.
9:59 of 1st period - Shot by Darren Helm.
9:59 of 1st period - Shot Misses the Net.
10:04 of 1st period - Icing by Marc-Edouard Vlasic.
10:05 of 1st period - Jonathan Toews wins face-off versus Mathieu Perreault in Kings zone.
10:47 of 1st period - Mikael Backlund is hit by Tyler Pitlick and loses puck.
11:08 of 1st period - Shot by Kyle Connor.
11:08 of 1st period - Stopped by David Rittich without a rebound.
11:09 of 1st period - Colton Sissons wins face-off versus Lucas Wallmark in Kings zone.
11:09 of 1st period - Colton Sissons is hit by Stephen Johns.
11:34 of 1st period - Shot by Matt Grzelcyk.
11:34 of 1st period - Stopped by David Rittich without a rebound.
11:35 of 1st period - Mikael Backlund wins face-off versus Evgeny Kuznetsov in Kings zone.
11:40 of 1st period - Shot by Mikael Backlund.
11:40 of 1st period - Shot Misses the Net.
11:58 of 1st period - Shot by Kyle Connor.
11:58 of 1st period - Shot Misses the Net.
12:00 of 1st period - Shot by Oliver Ekman-Larsson.
12:00 of 1st period - Shot Blocked by Marco Scandella.
12:02 of 1st period - Shot by Oliver Ekman-Larsson.
12:02 of 1st period - Shot Blocked by Marco Scandella.
12:04 of 1st period - Shot by Oliver Ekman-Larsson.
12:04 of 1st period - Shot Blocked by Marco Scandella.
12:06 of 1st period - Shot by J.T. Compher.
12:06 of 1st period - Stopped by David Rittich without a rebound.
12:07 of 1st period - Nick Paul wins face-off versus Mathieu Perreault in Kings zone.
12:22 of 1st period - Shot by Justin Williams.
12:22 of 1st period - Shot Misses the Net.
12:44 of 1st period - Shot by Max Pacioretty.
12:44 of 1st period - Stopped by David Rittich without a rebound.
12:45 of 1st period - Evgeny Kuznetsov wins face-off versus Jonathan Toews in Kings zone.
13:04 of 1st period - Shot by Rickard Rakell.
13:04 of 1st period - Shot Misses the Net.
13:14 of 1st period - Shot by Jordan Eberle.
13:14 of 1st period - Stopped by Thomas Greiss without a rebound.
13:15 of 1st period - Colton Sissons wins face-off versus Mikael Backlund in Predators zone.
13:22 of 1st period - Icing by Jesper Fast.
13:23 of 1st period - Mikael Backlund wins face-off versus Mathieu Perreault in Kings zone.
13:23 of 1st period - Mikael Backlund is hit by Mathieu Perreault.
13:26 of 1st period - Andre Burakovsky is hit by Tyler Pitlick and loses puck.
13:33 of 1st period - Shot by Mikael Backlund.
13:33 of 1st period - Stopped by Thomas Greiss with a rebound.
13:41 of 1st period - Shot by Mikael Backlund.
13:41 of 1st period - Stopped by Thomas Greiss without a rebound.
13:42 of 1st period - Evgeny Kuznetsov wins face-off versus Jonathan Toews in Predators zone.
13:56 of 1st period - Off-side.
13:57 of 1st period - Mikael Backlund wins face-off versus Mathieu Perreault in neutral zone.
13:57 of 1st period - Mikael Backlund is hit by Mathieu Perreault.
15:56 of 1st period - Icing by Oscar Klefbom.
15:57 of 1st period - Nick Paul wins face-off versus Evgeny Kuznetsov in Predators zone.
15:58 of 1st period - Shot by Justin Williams.
15:58 of 1st period - Stopped by Thomas Greiss without a rebound.
15:59 of 1st period - Nick Paul wins face-off versus Alexander Kerfoot in Predators zone.
16:00 of 1st period - Shot by Zemgus Girgensons.
16:00 of 1st period - Shot Misses the Net.
16:02 of 1st period - Shot by Anthony Bitetto.
16:02 of 1st period - Shot Misses the Net.
16:04 of 1st period - Shot by Nick Paul.
16:04 of 1st period - Shot Misses the Net.
16:39 of 1st period - Icing by Stephen Johns.
16:40 of 1st period - Nick Paul wins face-off versus Colton Sissons in Kings zone.
16:40 of 1st period - Nick Paul is hit by Darren Helm.
16:51 of 1st period - Icing by Oscar Klefbom.
16:52 of 1st period - Colton Sissons wins face-off versus Lucas Wallmark in Predators zone.
17:06 of 1st period - Off-side.
17:07 of 1st period - Mikael Backlund wins face-off versus Mathieu Perreault in neutral zone.
17:10 of 1st period - Shot by Jesper Fast.
17:10 of 1st period - Shot Blocked by Roman Josi.
17:57 of 1st period - Shot by Kyle Connor.
17:57 of 1st period - Stopped by David Rittich with a rebound.
17:59 of 1st period - Shot by Oscar Klefbom.
17:59 of 1st period - Shot Misses the Net.
18:01 of 1st period - Shot by J.T. Compher.
18:01 of 1st period - Shot Misses the Net.
18:03 of 1st period - Shot by Evgeny Kuznetsov.
18:03 of 1st period - Stopped by David Rittich without a rebound.
18:04 of 1st period - Jonathan Toews wins face-off versus Colton Sissons in Kings zone.
18:04 of 1st period - Jonathan Toews is hit by Colton Sissons.
18:40 of 1st period - Shot by Rickard Rakell.
18:40 of 1st period - Deflect By Jonathan Toews.
18:40 of 1st period - Stopped by Thomas Greiss without a rebound.
18:41 of 1st period - Evgeny Kuznetsov wins face-off versus Zemgus Girgensons in Predators zone.
18:41 of 1st period - Evgeny Kuznetsov is hit by Nick Paul.
18:42 of 1st period - Minor Penalty to Justin Williams for Roughing.
18:43 of 1st period - Evgeny Kuznetsov wins face-off versus Jonathan Toews in Kings zone.
18:54 of 1st period - Marco Scandella is hit by J.T. Compher.
19:05 of 1st period - Shot by Oliver Ekman-Larsson.
19:05 of 1st period - Shot Misses the Net.
Goals for this period are 2 for Kings vs 0 for Predators.
Shots for this period are 16 for Kings vs 13 for Predators.

2nd period


0:01 of 2nd period - Jonathan Toews wins face-off versus Colton Sissons in neutral zone.
0:32 of 2nd period - Shot by Colton Sissons.
0:32 of 2nd period - Shot Blocked by Jack Johnson.
0:43 of 2nd period - Brendan Smith is hit by John Moore and loses puck.
0:50 of 2nd period - Shot by J.T. Compher.
0:50 of 2nd period - Shot Blocked by John Moore.
1:10 of 2nd period - Shot by J.T. Compher.
1:10 of 2nd period - Shot Misses the Net.
1:41 of 2nd period - Icing by Nikita Zadorov.
1:42 of 2nd period - Jordan Eberle wins face-off versus Mathieu Perreault in Predators zone.
3:04 of 2nd period - Shot by Colton Sissons.
3:04 of 2nd period - Stopped by David Rittich without a rebound.
3:05 of 2nd period - Mikael Backlund wins face-off versus Evgeny Kuznetsov in Kings zone.
3:47 of 2nd period - Icing by Kyle Connor.
3:48 of 2nd period - Nick Paul wins face-off versus Evgeny Kuznetsov in Predators zone.
4:23 of 2nd period - Icing by Oliver Ekman-Larsson.
4:24 of 2nd period - Lucas Wallmark wins face-off versus Colton Sissons in Predators zone.
4:24 of 2nd period - Lucas Wallmark is hit by Oliver Ekman-Larsson.
5:05 of 2nd period - Andre Burakovsky is hit by Oliver Ekman-Larsson and loses puck.
5:10 of 2nd period - Shot by Andre Burakovsky.
5:10 of 2nd period - Shot Blocked by Oliver Ekman-Larsson.
5:22 of 2nd period - Shot by Mikael Backlund.
5:22 of 2nd period - Stopped by Thomas Greiss without a rebound.
5:23 of 2nd period - Nick Paul wins face-off versus Mathieu Perreault in Predators zone.
5:32 of 2nd period - Shot by Justin Williams.
5:32 of 2nd period - Stopped by Thomas Greiss with a rebound.
5:34 of 2nd period - Shot by Nick Paul.
5:34 of 2nd period - Stopped by Thomas Greiss with a rebound.
5:36 of 2nd period - Shot by Zemgus Girgensons.
5:36 of 2nd period - Shot Blocked by Tyler Pitlick.
5:38 of 2nd period - Shot by Zemgus Girgensons.
5:38 of 2nd period - Deflect By Justin Williams.
5:38 of 2nd period - Shot Misses the Net.
5:40 of 2nd period - Shot by Anthony Bitetto.
5:40 of 2nd period - Stopped by Thomas Greiss without a rebound.
5:41 of 2nd period - Mikael Backlund wins face-off versus Kyle Connor in Predators zone.
6:15 of 2nd period - Shot by Jack Johnson.
6:15 of 2nd period - Stopped by Thomas Greiss without a rebound.
6:16 of 2nd period - Jonathan Toews wins face-off versus Mathieu Perreault in Predators zone.
6:27 of 2nd period - Shot by Jonathan Toews.
6:27 of 2nd period - Stopped by Thomas Greiss with a rebound.
6:47 of 2nd period - Shot by Max Pacioretty.
6:47 of 2nd period - Shot Misses the Net.
6:51 of 2nd period - Shot by Tyler Pitlick.
6:51 of 2nd period - Shot Misses the Net.
7:25 of 2nd period - Shot by Darren Helm.
7:25 of 2nd period - Stopped by David Rittich without a rebound.
7:26 of 2nd period - Mikael Backlund wins face-off versus Evgeny Kuznetsov in Kings zone.
7:26 of 2nd period - Mikael Backlund is hit by J.T. Compher.
7:40 of 2nd period - Shot by Andre Burakovsky.
7:40 of 2nd period - Stopped by Thomas Greiss without a rebound.
7:41 of 2nd period - Nick Paul wins face-off versus Alexander Kerfoot in Predators zone.
7:42 of 2nd period - Shot by Stephen Johns.
7:42 of 2nd period - Stopped by Thomas Greiss with a rebound.
8:54 of 2nd period - Darren Helm is hit by Jesper Fast and loses puck.
8:59 of 2nd period - Shot by Andre Burakovsky.
8:59 of 2nd period - Stopped by Thomas Greiss with a rebound.
9:07 of 2nd period - Mikael Backlund is hit by Darren Helm and loses puck.
9:32 of 2nd period - Shot by Jordan Eberle.
9:32 of 2nd period - Deflect By Rickard Rakell.
9:32 of 2nd period - Stopped by Thomas Greiss without a rebound.
9:33 of 2nd period - Jonathan Toews wins face-off versus Mathieu Perreault in Predators zone.
10:48 of 2nd period - Shot by Justin Williams.
10:48 of 2nd period - Deflect By Nick Paul.
10:48 of 2nd period - Stopped by Thomas Greiss without a rebound.
10:49 of 2nd period - Mikael Backlund wins face-off versus Alexander Kerfoot in Predators zone.
10:58 of 2nd period - Icing by Matt Grzelcyk.
10:59 of 2nd period - Alexander Kerfoot wins face-off versus Mikael Backlund in Predators zone.
11:07 of 2nd period - Evgeny Kuznetsov is hit by Marc-Edouard Vlasic and loses puck.
11:14 of 2nd period - Shot by Alexander Kerfoot.
11:14 of 2nd period - Stopped by David Rittich without a rebound.
11:15 of 2nd period - Colton Sissons wins face-off versus Nick Paul in Kings zone.
11:25 of 2nd period - Icing by Anthony Bitetto.
11:26 of 2nd period - Colton Sissons wins face-off versus Nick Paul in Kings zone.
12:45 of 2nd period - Shot by Kyle Connor.
12:45 of 2nd period - Shot Misses the Net.
12:47 of 2nd period - Shot by Oliver Ekman-Larsson.
12:47 of 2nd period - Shot Misses the Net.
12:49 of 2nd period - Shot by Roman Josi.
12:49 of 2nd period - Shot Blocked by Stephen Johns.
13:23 of 2nd period - Shot by Tyler Pitlick.
13:23 of 2nd period - Shot Misses the Net.
14:08 of 2nd period - Jonathan Toews is hit by Nikita Zadorov and loses puck.
14:11 of 2nd period - Shot by Jonathan Toews.
14:11 of 2nd period - Stopped by Thomas Greiss without a rebound.
14:12 of 2nd period - Mikael Backlund wins face-off versus Colton Sissons in Predators zone.
14:41 of 2nd period - Shot by Colton Sissons.
14:41 of 2nd period - Deflect By Victor Olofsson.
14:41 of 2nd period - Shot Misses the Net.
15:39 of 2nd period - Minor Penalty to J.T. Compher for Roughing.
15:40 of 2nd period - Kyle Connor wins face-off versus Jonathan Toews in Predators zone.
16:01 of 2nd period - Shot by Rickard Rakell.
16:01 of 2nd period - Stopped by Thomas Greiss without a rebound.
16:02 of 2nd period - Mikael Backlund wins face-off versus Kyle Connor in Predators zone.
16:21 of 2nd period - Shot by Andre Burakovsky.
16:21 of 2nd period - Shot Misses the Net.
16:49 of 2nd period - Shot by Marc-Edouard Vlasic.
16:49 of 2nd period - Deflect By Jonathan Toews.
16:49 of 2nd period - Shot Misses the Net.
17:01 of 2nd period - Thomas Chabot is hit by Rickard Rakell and loses puck.
17:34 of 2nd period - Shot by Andre Burakovsky.
17:34 of 2nd period - Shot Hit the Post.
18:06 of 2nd period - Shot by Darren Helm.
18:06 of 2nd period - Shot Hit the Post.
18:08 of 2nd period - Shot by Nikita Zadorov.
18:08 of 2nd period - Goal by Nikita Zadorov - Kings : 2 - Predators : 1.
18:09 of 2nd period - Nick Paul wins face-off versus Evgeny Kuznetsov in neutral zone.
18:42 of 2nd period - Shot by Oscar Klefbom.
18:42 of 2nd period - Stopped by David Rittich without a rebound.
18:43 of 2nd period - Lucas Wallmark wins face-off versus Darren Helm in Kings zone.
18:49 of 2nd period - Off-side.
18:50 of 2nd period - Mikael Backlund wins face-off versus Colton Sissons in neutral zone.
18:54 of 2nd period - Andre Burakovsky is hit by Colton Sissons and loses puck.
19:01 of 2nd period - Shot by Darren Helm.
19:01 of 2nd period - Shot Blocked by Jesper Fast.
19:03 of 2nd period - Shot by Colton Sissons.
19:03 of 2nd period - Shot Misses the Net.
19:17 of 2nd period - Shot by Colton Sissons.
19:17 of 2nd period - Shot Misses the Net.
19:19 of 2nd period - Shot by Darren Helm.
19:19 of 2nd period - Shot Misses the Net.
19:21 of 2nd period - Shot by Colton Sissons.
19:21 of 2nd period - Stopped by David Rittich without a rebound.
19:22 of 2nd period - Mathieu Perreault wins face-off versus Jonathan Toews in Kings zone.
19:35 of 2nd period - Shot by Max Pacioretty.
19:35 of 2nd period - Deflect By Mathieu Perreault.
19:35 of 2nd period - Shot Misses the Net.
Goals for this period are 0 for Kings vs 1 for Predators.
Shots for this period are 13 for Kings vs 6 for Predators.

3rd period


0:01 of 3rd period - Mathieu Perreault wins face-off versus Jonathan Toews in neutral zone.
0:26 of 3rd period - Oliver Ekman-Larsson is hit by Jordan Eberle and loses puck.
0:35 of 3rd period - Oliver Ekman-Larsson is hit by Jonathan Toews.
0:36 of 3rd period - Icing by Oliver Ekman-Larsson.
0:37 of 3rd period - Mikael Backlund wins face-off versus Mathieu Perreault in Predators zone.
0:57 of 3rd period - Off-side.
0:58 of 3rd period - Justin Williams wins face-off versus Evgeny Kuznetsov in neutral zone.
1:33 of 3rd period - Shot by Justin Williams.
1:33 of 3rd period - Shot Misses the Net.
1:47 of 3rd period - Rickard Rakell is hit by J.T. Compher and loses puck.
1:48 of 3rd period - Rickard Rakell from Kings is injured at 1:48 of 3rd period (Sports Hernia).
1:49 of 3rd period - Jonathan Toews wins face-off versus Colton Sissons in Kings zone.
2:51 of 3rd period - Shot by Tyler Pitlick.
2:51 of 3rd period - Stopped by David Rittich without a rebound.
2:52 of 3rd period - Mikael Backlund wins face-off versus Alexander Kerfoot in Kings zone.
3:29 of 3rd period - Shot by Jesper Fast.
3:29 of 3rd period - Shot Misses the Net.
3:47 of 3rd period - Shot by Anthony Bitetto.
3:47 of 3rd period - Stopped by Thomas Greiss with a rebound.
3:49 of 3rd period - Shot by Justin Williams.
3:49 of 3rd period - Shot Misses the Net.
3:51 of 3rd period - Shot by Justin Williams.
3:51 of 3rd period - Shot Misses the Net.
4:13 of 3rd period - Shot by Zemgus Girgensons.
4:13 of 3rd period - Stopped by Thomas Greiss with a rebound.
4:36 of 3rd period - Icing by Anthony Bitetto.
4:37 of 3rd period - Brendan Smith wins face-off versus Zemgus Girgensons in Kings zone.
4:51 of 3rd period - Shot by J.T. Compher.
4:51 of 3rd period - Stopped by David Rittich without a rebound.
4:52 of 3rd period - Jonathan Toews wins face-off versus Mathieu Perreault in Kings zone.
5:46 of 3rd period - Icing by Jack Johnson.
5:47 of 3rd period - Jonathan Toews wins face-off versus Evgeny Kuznetsov in Kings zone.
5:47 of 3rd period - Jonathan Toews is hit by Evgeny Kuznetsov.
6:29 of 3rd period - Shot by Jesper Fast.
6:29 of 3rd period - Shot Misses the Net.
6:53 of 3rd period - Shot by Max Pacioretty.
6:53 of 3rd period - Stopped by David Rittich without a rebound.
6:54 of 3rd period - Nick Paul wins face-off versus Colton Sissons in Kings zone.
7:04 of 3rd period - Minor Penalty to Anthony Bitetto for Hooking.
7:05 of 3rd period - Colton Sissons wins face-off versus Jonathan Toews in Kings zone.
7:08 of 3rd period - Shot by Roman Josi.
7:08 of 3rd period - Stopped by David Rittich with a rebound.
8:22 of 3rd period - Shot by Oscar Klefbom.
8:22 of 3rd period - Deflect By Evgeny Kuznetsov.
8:22 of 3rd period - Shot Misses the Net.
9:37 of 3rd period - Off-side.
9:38 of 3rd period - Nick Paul wins face-off versus Colton Sissons in neutral zone.
9:45 of 3rd period - Shot by Victor Olofsson.
9:45 of 3rd period - Shot Misses the Net.
9:47 of 3rd period - Shot by Darren Helm.
9:47 of 3rd period - Stopped by David Rittich without a rebound.
9:48 of 3rd period - Jonathan Toews wins face-off versus Evgeny Kuznetsov in Kings zone.
9:48 of 3rd period - Jonathan Toews is hit by Evgeny Kuznetsov.
11:48 of 3rd period - Off-side.
11:49 of 3rd period - Nick Paul wins face-off versus Evgeny Kuznetsov in neutral zone.
12:16 of 3rd period - Shot by Marco Scandella.
12:16 of 3rd period - Stopped by Thomas Greiss with a rebound.
14:26 of 3rd period - Off-side.
14:27 of 3rd period - Mikael Backlund wins face-off versus Evgeny Kuznetsov in neutral zone.
14:32 of 3rd period - Shea Theodore is hit by Jesper Fast and loses puck.
14:49 of 3rd period - Shot by Kyle Connor.
14:49 of 3rd period - Shot Blocked by Jack Johnson.
14:51 of 3rd period - Shot by J.T. Compher.
14:51 of 3rd period - Shot Misses the Net.
15:48 of 3rd period - Icing by Conor Sheary.
15:49 of 3rd period - Jonathan Toews wins face-off versus Mathieu Perreault in Kings zone.
16:20 of 3rd period - Shot by Andre Burakovsky.
16:20 of 3rd period - Shot Misses the Net.
16:22 of 3rd period - Shot by Zemgus Girgensons.
16:22 of 3rd period - Stopped by Thomas Greiss with a rebound.
16:24 of 3rd period - Shot by Zemgus Girgensons.
16:24 of 3rd period - Shot Misses the Net.
16:26 of 3rd period - Shot by Nick Paul.
16:26 of 3rd period - Stopped by Thomas Greiss without a rebound.
16:27 of 3rd period - Evgeny Kuznetsov wins face-off versus Lucas Wallmark in Predators zone.
16:27 of 3rd period - Evgeny Kuznetsov is hit by Corey Perry.
16:39 of 3rd period - Corey Perry is hit by Oscar Klefbom and loses puck.
16:46 of 3rd period - Shot by Jordan Eberle.
16:46 of 3rd period - Shot Misses the Net.
16:50 of 3rd period - Shot by Lucas Wallmark.
16:50 of 3rd period - Shot Blocked by Oscar Klefbom.
17:19 of 3rd period - Icing by Marc-Edouard Vlasic.
17:20 of 3rd period - Colton Sissons wins face-off versus Nick Paul in Kings zone.
17:39 of 3rd period - Shot by Oliver Ekman-Larsson.
17:39 of 3rd period - Stopped by David Rittich without a rebound.
17:40 of 3rd period - Mathieu Perreault wins face-off versus Jesper Fast in Kings zone.
19:01 of 3rd period - Predators, Thomas Greiss is pulled from the net.
19:34 of 3rd period - Icing by Tyler Pitlick.
19:35 of 3rd period - Thomas Greiss from Predators was sent back in the game.
19:35 of 3rd period - Mathieu Perreault wins face-off versus Conor Sheary in Predators zone.
19:40 of 3rd period - Shot by Zemgus Girgensons.
19:40 of 3rd period - Shot Blocked by Tyler Pitlick.
19:50 of 3rd period - Shot by Marc-Edouard Vlasic.
19:50 of 3rd period - Shot Misses the Net.
Goals for this period are 0 for Kings vs 0 for Predators.
Shots for this period are 5 for Kings vs 6 for Predators.